Cogmind - Beta 12 @@@ ROGUE MODE // 2023.03.15 @ 15:37:50 // Winter2019/RPGLIKE Player: ArabianSandBoa Result: Destroyed self via exploding Z-Power Performance ------------- Evolutions (3) 1500 Regions Visited (17) 3400 Robots Destroyed (380) 1900 Value Destroyed (16419) 16419 Prototype IDs (31) 620 Alien Tech Used (0) 0 Bonus (8051) 8051 TOTAL SCORE: 31890 Bonus ------- Triggered High Security 1000 High Alert Combat Kills 6645 Follower Combat Kills 524 Entered Garrisons 400 Aligned with FarCom 300 Met Imprinter 300 Friendly Fire -1118 Cogmind --------- Core Integrity 0/600 Matter 300/300 Energy 111/220 System Corruption 5% Temperature Cool (34) Movement Flying (91) Ox1 Location -7/Deep Caves Parts ------- > --- POWER (2) -------- Light Angular Momentum Engine Light Antimatter Reactor > --- PROPULSION (7) --- Xenon Bombardment Thruster Xenon Bombardment Thruster Improved Cesium-ion Thruster Cooled VTOL Module Cooled VTOL Module Cooled VTOL Module > --- UTILITY (8) ------ Advanced Power Amplifier Advanced Weight Redist. System Experimental Targeting Computer Armor Integrity Analyzer Improved Particle Charger Improved Reaction Control System Improved Powered Armor Experimental Thermal Shield > --- WEAPON (4) ------- Storm Laser > --- INVENTORY (4) ---- Encrypted Comm Array AD-0RF's Magmablaster Ripper Longsword +1 Peak State ------------ > --- POWER ------------ Light Angular Momentum Engine Light Antimatter Reactor > --- PROPULSION ------- Xenon Bombardment Thruster Xenon Bombardment Thruster Improved Cesium-ion Thruster Cooled VTOL Module Cooled VTOL Module Cooled VTOL Module Cooled VTOL Module > --- UTILITY ---------- Advanced Power Amplifier Encrypted Comm Array Armor Integrity Analyzer Improved Particle Charger Improved Reaction Control System Improved Powered Armor Experimental Thermal Shield EM Disruption Field > --- WEAPON ----------- AD-0RF's Magmablaster Makeshift Hammer Longsword +1 Makeshift Spear > --- INVENTORY -------- Advanced Weight Redist. System Makeshift Hacking Suite Makeshift System Shield Ripper [Rating: 117] Favorites ----------- Power Light Nuclear Core Engine Improved Deuterium Engine Power Core Light Nuclear Core Reactor Light Antimatter Reactor Propulsion VTOL Module Leg Aluminum Leg Hover Unit Improved Airjet Flight Unit VTOL Module Utility Graphene Brace Device Graphene Brace Processor Armor Integrity Analyzer Hackware System Shield Protection Improved Propulsion Shielding Weapon Chainsword Energy Gun Phase Gun Energy Cannon Light EM Pulse Cannon Ballistic Gun Assault Rifle Launcher Rocket Launcher Special Weapon AD-0RF's Magmablaster Impact Weapon Mace Slashing Weapon Chainsword Piercing Weapon Makeshift Spear Build | -11 -10 -10 -9 -9 -9 -8 -8 -8 -8 -8 -7 -7 -7 -7 -7 -7 -7 ------- Run | Jun Mat Min Mat Min Exi Min Mat Gar Mat Gar Fac Was Fac Low Low Zio Dee Slots Evolved 17 | 2 5 1 5 . . . 2 . . . 1 . . . 1 . . Power 1 | . . . 1 . . . . . . . . . . . . . . Propulsion 6 | 1 2 1 1 . . . . . . . 1 . . . . . . Utility 7 | . 1 . 3 . . . 2 . . . . . . . 1 . . Weapon 3 | 1 2 . . . . . . . . . . . . . . . . Parts Attached 162 | . 24 2 15 1 1 4 26 9 8 7 11 6 19 3 2 24 . Power 14 | . 1 . 2 . . 3 2 . 2 1 . . . . . 3 . Engine 7 | . . . 1 . . 1 . . 2 1 . . . . . 2 . Core 6 | . 1 . 1 . . 2 2 . . . . . . . . . . Reactor 1 | . . . . . . . . . . . . . . . . 1 . Propulsion 40 | . 10 1 4 1 . . 8 4 . . 1 . 11 . . . . Treads . | . . . . . . . . . . . . . . . . . . Leg 1 | . 1 . . . . . . . . . . . . . . . . Wheel . | . . . . . . . . . . . . . . . . . . Hover 2 | . . . . . . . 1 . . . . . 1 . . . . Flight 37 | . 9 1 4 1 . . 7 4 . . 1 . 10 . . . . Utility 63 | . 4 1 5 . . 1 12 3 2 2 8 5 4 3 1 12 . Device 38 | . 2 1 4 . . . 7 1 2 2 4 3 1 2 1 8 . Storage . | . . . . . . . . . . . . . . . . . . Processor 8 | . 1 . . . . . 2 1 . . . . 2 . . 2 . Hackware 5 | . . . 1 . . . 2 . . . 1 . . . . 1 . Protection 12 | . 1 . . . . 1 1 1 . . 3 2 1 1 . 1 . Artifact . | . . . . . . . . . . . . . . . . . . Weapon 45 | . 9 . 4 . 1 . 4 2 4 4 2 1 4 . 1 9 . Energy Gun 12 | . . . . . . . . 1 1 2 . 1 4 . . 3 . Energy Cannon 3 | . 2 . 1 . . . . . . . . . . . . . . Ballistic Gun 6 | . 5 . . . . . . . 1 . . . . . . . . Ballistic Cannon . | . . . . . . . . . . . . . . . . . . Launcher 5 | . 1 . 3 . . . 1 . . . . . . . . . . Special Weapon 1 | . . . . . . . . . . . . . . . . 1 . Impact Weapon 2 | . 1 . . . . . . . . . . . . . . 1 . Slashing Weapon 15 | . . . . . 1 . 3 1 2 2 2 . . . 1 3 . Piercing Weapon 1 | . . . . . . . . . . . . . . . . 1 . Special Melee Weapon . | . . . . . . . . . . . . . . . . . . Unidentified Prototypes 15 | . . 1 . . 1 . 1 . 2 . . . 4 1 . 5 . Corrupted Parts 1 | . . . . . . . . . . . . . . . . 1 . System Corruption 1 | . . . . . . . . . . . . . . . . 1 . Parts Lost 5 | . . . 1 . . 1 1 . . . 1 . . . . . 1 Power 1 | . . . . . . 1 . . . . . . . . . . . Propulsion 3 | . . . 1 . . . 1 . . . . . . . . . 1 Utility 1 | . . . . . . . . . . . 1 . . . . . . Weapon . | . . . . . . . . . . . . . . . . . . Highest Loss Streak 1 | . . . 1 . . 1 1 . . . 1 . . . . . 1 To Critical Strikes . | . . . . . . . . . . . . . . . . . . Average Slot Usage (%) 94 | . 79 100 96 97 97 100 97 99 100 99 99 98 98 99 100 85 85 Engine 5 | . 8 . 4 . . . . . 10 10 10 10 10 10 9 4 4 Core 4 | . 4 8 7 11 11 10 10 10 . . . . . . . . . Flight 31 | . 23 40 32 32 35 35 31 30 31 31 32 35 34 35 33 33 33 Device 18 | . 8 16 19 23 23 17 15 19 21 23 21 21 19 19 23 25 23 Processor 3 | . . . . . . . 4 2 5 5 5 3 5 10 9 5 9 Hackware 3 | . . . 4 5 5 5 9 7 5 5 5 . . . . . . Protection 3 | . 3 . . . . 5 5 5 5 2 2 8 8 5 4 4 4 Energy Gun 1 | . . . . . . . . . . . . 5 5 5 4 3 4 Energy Cannon 2 | . 5 16 6 5 5 5 . . . . . . . . . . . Ballistic Gun 2 | . 17 . . . . . . . . . . . . . . . . Launcher 2 | . . 8 12 11 11 11 2 . . . . . . . . . . Impact Weapon 1 | . 4 8 6 5 1 . . . . . . . . . . . . Slashing Weapon 9 | . . . . . 2 5 15 20 20 20 20 15 15 15 14 . . Naked Turns . | . . . . . . . . . . . . . . . . . . Heaviest Build 64 | 7 20 21 30 27 28 30 31 32 37 41 43 48 49 48 52 64 64 Greatest Support 65 | 10 27 31 33 36 36 30 37 37 45 45 48 48 65 57 57 65 65 Greatest Overweight (x) 3 | . . . 1 . . . 3 2 . . . . . . . 2 1 Average Overweight (x) . | . . . . . . . . . . . . . . . . . . Largest Inventory Capacity 4 | . 2 2 2 2 2 2 2 3 3 3 3 4 4 4 4 4 4 Average Capacity 2 | . . 2 2 2 2 2 2 2 3 3 3 3 4 4 4 4 4 Most Carried 4 | . 2 2 2 2 2 2 2 3 3 3 3 4 4 4 4 4 4 Average Carried 2 | . . 1 1 2 1 1 1 1 2 2 2 3 3 3 3 3 4 Final Capacity 4 | . 2 2 2 2 2 2 2 3 3 3 3 4 4 4 4 4 4 Final Carried 4 | . 1 2 2 2 1 2 . 2 3 3 3 4 2 4 4 4 4 Class Distribution -------------------- 29% | Hacker-Scout 22% | Hacker-Sprinter 12% | Scavenger-Scout 10% | Scavenger-Sprinter 8% | Hacker-Gunner 5% | Hacker-Mutant 3% | Hacker-Assassin Dominant Class ---------------- Hacker-Mutant | -10/Materials Hacker-Sprinter | -10/Mines Hacker-Scout | -9/Materials Hacker-Scout | -9/Mines Hacker-Scout | -9/Exiles Hacker-Scout | -8/Mines Hacker-Scout | -8/Materials Hacker-Scout | -8/Garrison Scavenger-Scout | -8/Materials Scavenger-Sprinter | -8/Garrison Scavenger-Sprinter | -7/Factory Scavenger-Scout | -7/Waste Scavenger-Sprinter | -7/Factory Hacker-Sprinter | -7/Lower Caves Hacker-Sprinter | -7/Lower Caves Hacker-Sprinter | -7/Zion Hacker-Gunner | -7/Deep Caves Resources | -11 -10 -10 -9 -9 -9 -8 -8 -8 -8 -8 -7 -7 -7 -7 -7 -7 -7 ----------- Run | Jun Mat Min Mat Min Exi Min Mat Gar Mat Gar Fac Was Fac Low Low Zio Dee Matter Collected 3786 | 200 771 30 1227 56 . 107 408 94 103 103 95 70 190 30 20 270 12 Remotely . | . . . . . . . . . . . . . . . . . . Salvage Created 13474 | . 1604 320 1893 175 . 478 2463 795 951 973 580 . 831 532 525 1293 61 Parts 831 | . 89 8 154 4 . 36 129 65 55 51 46 . 45 21 29 99 . Haulers Intercepted 17 | . 2 . 5 . . . 6 . . . 1 . 2 1 . . . Recyclers Shooed 2 | . . . . 1 . . 1 . . . . . . . . . . Parts Field Recycled . | . . . . . . . . . . . . . . . . . . Retrieved Matter . | . . . . . . . . . . . . . . . . . . Parts Self-Destructed 50 | . . . . . . . . . . . . . . 21 29 . . Prevented . | . . . . . . . . . . . . . . . . . . Kills | -11 -10 -10 -9 -9 -9 -8 -8 -8 -8 -8 -7 -7 -7 -7 -7 -7 -7 ------- Run | Jun Mat Min Mat Min Exi Min Mat Gar Mat Gar Fac Was Fac Low Low Zio Dee Combat Hostiles Destroyed 291 | . 31 9 77 . . 13 42 21 21 21 16 . 5 11 12 9 3 Melee 160 | . 1 4 . . . 13 34 21 21 21 16 . 5 11 12 1 . Guns 37 | . 26 . . . . . . . . . . . . . . 8 3 Cannons 11 | . 3 1 7 . . . . . . . . . . . . . . AOE 77 | . . . 69 . . . 8 . . . . . . . . . . Classes Destroyed 24 | . 7 1 6 . . 1 2 3 . . . . . . . 3 1 Worker 21 | . 1 . 5 . . 2 7 . . . 1 . 5 . . . . Builder 7 | . 2 . 4 . . . 1 . . . . . . . . . . Tunneler 6 | . . . 4 . . 1 1 . . . . . . . . . . Hauler 17 | . 2 . 5 . . . 6 . . . 1 . 2 1 . . . Recycler 12 | . . 4 . 2 . 1 3 . 1 . . . 1 . . . . Mechanic 3 | . . . 2 . . . 1 . . . . . . . . . . Operator 8 | . 1 . 2 . . . 2 . 3 . . . . . . . . Watcher 21 | . 2 . 5 . . . 4 1 2 . 1 . 6 . . . . Swarmer 51 | . 3 5 4 . . 10 10 5 6 4 . . . 1 3 . . Cutter 5 | . . . . . . . 2 . . . 3 . . . . . . Grunt 151 | . 28 4 46 . . 2 18 5 8 15 8 . 1 9 7 . . Brawler 10 | . . . 7 . . . . . 1 . . . 1 . 1 . . Duelist 4 | . . . 3 . . . 1 . . . . . . . . . . Protector 3 | . . . 3 . . . . . . . . . . . . . . Sentry 42 | . . . 14 . . . 8 6 6 2 2 . 2 1 1 . . Specialist 1 | . . . . . . . . 1 . . . . . . . . . Hunter 4 | . . . . . . 1 2 . . . 1 . . . . . . Programmer 4 | . . . . . . . . 3 . . . . 1 . . . . Heavy 3 | . . . . . . . 1 . . . 2 . . . . . . Behemoth 1 | . . . . . . . . 1 . . . . . . . . . Zionite 30 | . . . . . . . . . . . . . . . . 30 . Z-Technician 5 | . . . . . . . . . . . . . . . . . 5 Tinkerer 6 | . . . . . . . . . . . . . . . . 6 . Assembled 3 | . . . . . . . . . . . . . . . . . 3 Thug 1 | . . . . . . . . . . . . . . . . 1 . Butcher 1 | . . . . . . . . . . . . . . . . 1 . Mutant 6 | . . . . . . . . . . . . . . . . 6 . Best Kill Streak 19 | . 5 9 19 2 . 6 14 4 7 6 8 . 5 5 8 13 5 Combat Bots Only 18 | . 5 3 18 . . 5 7 4 7 6 8 . 2 5 8 3 3 Max Kills in Single Turn 8 | . 2 1 8 1 . 1 3 1 1 2 1 . 5 1 1 2 5 Gunslinging 1 | . 1 . . . . . . . . . . . . . . . . Exploded 8 | . . . 8 . . . 3 . . . . . . . . . . Melee 2 | . 1 1 . . . 1 1 1 1 2 1 . 1 1 1 1 . Uniques/NPCs Destroyed 2 | . . . . . . . . . . . . . . . . 2 . Imprinter (-7/Zion) AD-0RF (-7/Zion) Combat | -11 -10 -10 -9 -9 -9 -8 -8 -8 -8 -8 -7 -7 -7 -7 -7 -7 -7 -------- Run | Jun Mat Min Mat Min Exi Min Mat Gar Mat Gar Fac Was Fac Low Low Zio Dee Damage Taken 8808 | . 1183 476 747 42 . 200 897 756 435 338 879 . 645 169 309 1468 264 Core 6092 | . 939 396 610 33 . 158 627 433 204 219 590 . 417 115 215 979 157 Absorbed by Shields . | . . . . . . . . . . . . . . . . . . Redirected to Core 4815 | . 652 247 470 33 . 101 511 326 158 162 484 . 399 115 182 818 157 Redirected to Shielding 767 | . 36 . . . . 9 121 223 177 68 133 . . . . . . Regen/Repaired (Parts) 8 | . 8 . . . . . . . . . . . . . . . . Core Remaining (%) 78 | 100 . 48 . . . 66 . . . 100 . . . . . . . Volleys Fired 397 | . 170 2 120 5 . . 10 5 . 8 . 2 20 . . 53 2 Largest 3 | . 3 2 3 1 . . 2 1 . 1 . 1 1 . . 1 1 Hottest 250 | . 112 112 122 56 . . 66 65 . 65 . 88 88 . . 250 250 Shots Fired 566 | . 271 4 182 5 . . 12 5 . 8 . 2 20 . . 55 2 Gun 307 | . 215 . . . . . . 5 . 8 . 2 20 . . 55 2 Cannon 119 | . 56 4 54 5 . . . . . . . . . . . . . Launcher 140 | . . . 128 . . . 12 . . . . . . . . . . Special . | . . . . . . . . . . . . . . . . . . Kinetic 215 | . 215 . . . . . . . . . . . . . . . . Thermal 92 | . . . . . . . . 5 . 8 . 2 20 . . 55 2 Explosive 140 | . . . 128 . . . 12 . . . . . . . . . . Electromagnetic 119 | . 56 4 54 5 . . . . . . . . . . . . . Robot Hit Streak 27 | . 15 16 11 9 . . 14 . . . . 16 . . . 27 5 Robot Miss Streak 6 | . 6 1 3 . . . . . . . . . . . . 6 2 Penetration Max . | . . . . . . . . . . . . . . . . . . Secondary Targets 6 | . 6 . . . . . . . . . . . . . . . . Max Gunslinging Chain 1 | . 1 . . . . . . . . . . . . . . . . Shots Hit Robots 749 | . 142 23 61 5 . 25 122 60 48 34 66 2 36 30 20 74 1 Core Hits 539 | . 58 5 186 2 . 12 61 28 24 18 20 1 20 13 12 74 5 Critical Kills 1 | . 1 . . . . . . . . . . . . . . . . Critical Parts Destroyed 9 | . 2 5 1 . . . . . . . . . . . . 1 . Critical Strikes 48 | . 3 5 1 . . 1 8 8 5 1 4 . 5 5 1 1 . Destroy 2 | . 2 . . . . . . . . . . . . . . . . Smash 8 | . 1 5 1 . . . . . . . . . . . . 1 . Sever 38 | . . . . . . 1 8 8 5 1 4 . 5 5 1 . . Melee Attacks 1126 | . 20 45 41 . . 33 202 228 130 110 121 . 117 33 24 22 . Impact 110 | . 20 45 41 . . . . . . . . . . . . 4 . Slashing 1015 | . . . . . . 33 202 228 130 110 121 . 117 33 24 17 . Piercing 1 | . . . . . . . . . . . . . . . . 1 . Sneak Attacks 70 | . . 4 3 . . 5 29 11 5 . 4 . 7 2 . . . Combat Hostiles 22 | . . . 1 . . 1 6 10 1 . 1 . 1 1 . . . Follow-up Attacks 99 | . . . . . . . 25 18 14 7 21 . 4 4 1 5 . Damage Inflicted 47007 | . 2182 962 8752 119 . 1652 8930 3364 2417 1839 3015 51 2664 1766 1133 5802 2359 Guns 6255 | . 1598 . . . . . . . . . . 51 . . . 4503 103 Cannons 1113 | . 221 47 726 119 . . . . . . . . . . . . . Explosions 11492 | . 195 . 7521 . . . 1197 . . . . . 323 . . . 2256 Melee 28147 | . 168 915 505 . . 1652 7733 3364 2417 1839 3015 . 2341 1766 1133 1299 . Ramming . | . . . . . . . . . . . . . . . . . . Kinetic 1598 | . 1598 . . . . . . . . . . . . . . . . Thermal 7846 | . 124 . 486 . . . . . . . . 51 323 . . 4503 2359 Explosive 8303 | . 71 . 7035 . . . 1197 . . . . . . . . . . Electromagnetic 1113 | . 221 47 726 119 . . . . . . . . . . . . . Impact 1891 | . 168 915 505 . . . . . . . . . . . . 303 . Slashing 26215 | . . . . . . 1652 7733 3364 2417 1839 3015 . 2341 1766 1133 955 . Piercing 41 | . . . . . . . . . . . . . . . . 41 . Highest Corruption 5 | . . . . . . . . 2 2 2 . . . . . 5 5 Average Corruption 2 | . . . . . . . . 1 2 2 . . . . . 3 5 Corruption Purged . | . . . . . . . . . . . . . . . . . . Corruption Blocked . | . . . . . . . . . . . . . . . . . . Effects 36 | . . . . . . . . 6 5 8 . . . . . 13 4 Message Errors 8 | . . . . . . . . 2 . 2 . . . . . 2 2 Matter Fused 15 | . . . . . . . . 2 2 4 . . . . . 5 2 Heat Flow Errors 3 | . . . . . . . . 1 . 1 . . . . . 1 . Energy Discharges 4 | . . . . . . . . 1 2 . . . . . . 1 . Data Loss (minor) 3 | . . . . . . . . . 1 1 . . . . . 1 . Data Loss (major) 1 | . . . . . . . . . . . . . . . . 1 . Misfires 2 | . . . . . . . . . . . . . . . . 2 . Overload Shots . | . . . . . . . . . . . . . . . . . . Overflow Damage 3722 | . 75 363 168 . . 360 1209 143 175 151 185 . 178 191 128 83 313 Projectiles 4 | . . . 4 . . . . . . . . . . . . . . Explosions 441 | . . . 85 . . . 43 . . . . . . . . . 313 Melee 3277 | . 75 363 79 . . 360 1166 143 175 151 185 . 178 191 128 83 . Knockbacks 7 | . . 1 1 . . . . . . . . . . . . 5 . Impact 6 | . . 1 1 . . . . . . . . . . . . 4 . Kinetic . | . . . . . . . . . . . . . . . . . . Secondary 1 | . . . . . . . . . . . . . . . . 1 . Self-Inflicted Damage 662 | . . 57 100 . . . 56 83 . 45 . . 57 . . . 264 Shots 12 | . . 1 6 . . . 1 1 . 1 . . 1 . . . 1 Rammed . | . . . . . . . . . . . . . . . . . . Targets Rammed . | . . . . . . . . . . . . . . . . . . Kicked . | . . . . . . . . . . . . . . . . . . Crushed . | . . . . . . . . . . . . . . . . . . Highest Temperature 473 | . 251 184 270 9 4 5 6 134 5 226 215 227 313 . 2 473 356 Average Temperature 58 | . 59 95 75 4 1 1 1 8 1 16 55 81 72 . 2 94 140 Received Heat Transfer 2881 | . 576 117 213 . . 9 243 162 135 153 150 . 153 81 111 778 . Effects 7 | . . . 2 . . . . . . . . 1 . . . 4 . Shutdowns 1 | . . . . . . . . . . . . . . . . 1 . Energy Bleed 3 | . . . . . . . . . . . . . . . . 3 . Interference 3 | . . . 2 . . . . . . . . 1 . . . . . Siege Activations . | . . . . . . . . . . . . . . . . . . Robots Corrupted 3 | . 1 1 1 . . . . . . . . . . . . . . Combat Hostiles 2 | . 1 1 . . . . . . . . . . . . . . . Parts Fried 20 | . 4 9 7 . . . . . . . . . . . . . . Impact Corruptions 19 | . 2 14 2 . . . . . . . . . . . . 1 . Robots Melted . | . . . . . . . . . . . . . . . . . . Combat Hostiles . | . . . . . . . . . . . . . . . . . . Parts Melted 13 | . . . . . . . . . . . . . . . . 13 . Heat Transferred 6345 | . 150 . 425 . . . . . . . . 74 250 . . 5321 125 Parts Sabotaged . | . . . . . . . . . . . . . . . . . . Parts Stolen . | . . . . . . . . . . . . . . . . . . Parts Stripped . | . . . . . . . . . . . . . . . . . . Power Chain Reactions 5 | . . . 5 . . . . . . . . . . . . . . Missiles Intercepted . | . . . . . . . . . . . . . . . . . . Alert | -11 -10 -10 -9 -9 -9 -8 -8 -8 -8 -8 -7 -7 -7 -7 -7 -7 -7 ------- Run | Jun Mat Min Mat Min Exi Min Mat Gar Mat Gar Fac Was Fac Low Low Zio Dee Peak Influence 3817 | . 1277 861 3817 1513 . 401 1602 2864 2495 2829 1947 681 3112 . . . . Initial 1511 | . . 454 257 1488 . . 156 1041 1396 1511 1484 681 462 . . . . Average 1301 | . 494 735 1786 1499 . 238 831 1874 1916 2053 1591 673 1796 . . . . Maximum Alert Level 5 | . 4 3 5 4 . 2 5 5 5 5 5 2 5 . . . . Low Security (%) 7 | 100 25 . . . . 42 8 . . . . . . . . . . Level 1 9 | . 29 . 4 . . 55 10 . . . . . . . . . . Level 2 12 | . 14 33 10 . . 2 28 . . . . 100 10 . . . . Level 3 13 | . 16 66 16 . . . 20 5 . . . . 17 . . . . Level 4 23 | . 14 . 23 100 . . 30 31 31 18 63 . 10 . . . . Level 5 22 | . . . 5 . . . 2 62 68 81 36 . . . . . . High Security 10 | . . . 38 . . . . . . . . . 60 . . . . Max Security . | . . . . . . . . . . . . . . . . . . Sterilizations 1 | . . . 1 . . . . . . . . . . . . . . Squads Dispatched 83 | . 11 . 19 . . 1 10 . 5 . 11 . 26 . . . . Investigation 43 | . 10 . 11 . . 1 8 . 3 . 3 . 7 . . . . Extermination . | . . . . . . . . . . . . . . . . . . Reinforcement 9 | . 1 . . . . . 2 . 1 . 4 . 1 . . . . Assault 28 | . . . 8 . . . . . 1 . 4 . 15 . . . . Garrison 3 | . . . . . . . . . . . . . 3 . . . . Intercept . | . . . . . . . . . . . . . . . . . . Searches Triggered . | . . . . . . . . . . . . . . . . . . Construction Impeded . | . . . . . . . . . . . . . . . . . . Haulers Reinforced 1 | . . . . . . . . . . . . . 1 . . . . Active Scanning Responses . | . . . . . . . . . . . . . . . . . . Cargo Convoy Interrupts . | . . . . . . . . . . . . . . . . . . Stealth | -11 -10 -10 -9 -9 -9 -8 -8 -8 -8 -8 -7 -7 -7 -7 -7 -7 -7 --------- Run | Jun Mat Min Mat Min Exi Min Mat Gar Mat Gar Fac Was Fac Low Low Zio Dee Distress Signals 4 | . 3 . . . . . 1 . . . . . . . . . . Communications Jammed 4 | . . . . . . . 4 . . . . . . . . . . Distress Signals . | . . . . . . . . . . . . . . . . . . Times Spotted 454 | . 38 11 86 6 . 15 41 24 26 27 32 1 69 14 18 43 3 Peak Tracking Total 26 | . 6 3 13 4 . 4 5 4 6 5 8 1 26 6 9 6 3 Tactical Retreats 34 | . 1 1 2 . . 1 5 . 2 2 2 . 10 2 5 1 . Traps | -11 -10 -10 -9 -9 -9 -8 -8 -8 -8 -8 -7 -7 -7 -7 -7 -7 -7 ------- Run | Jun Mat Min Mat Min Exi Min Mat Gar Mat Gar Fac Was Fac Low Low Zio Dee Traps Triggered 11 | . 4 . . . . . . 3 1 . 1 . 2 . . . . Indirectly 1 | . . . . . . . . . . . . . 1 . . . . Trap Hack Attempts . | . . . . . . . . . . . . . . . . . . Triggered . | . . . . . . . . . . . . . . . . . . Disarmed 3 | . . . . . . . 3 . . . . . . . . . . Reprogrammed 3 | . 3 . . . . . . . . . . . . . . . . Reused . | . . . . . . . . . . . . . . . . . . Traps Extracted . | . . . . . . . . . . . . . . . . . . Installed . | . . . . . . . . . . . . . . . . . . Triggered . | . . . . . . . . . . . . . . . . . . Machines | -11 -10 -10 -9 -9 -9 -8 -8 -8 -8 -8 -7 -7 -7 -7 -7 -7 -7 ---------- Run | Jun Mat Min Mat Min Exi Min Mat Gar Mat Gar Fac Was Fac Low Low Zio Dee Machines Disabled 248 | . 35 8 54 . . 2 29 13 18 16 4 . 62 . . 5 2 Max in Single Turn 13 | . 3 1 3 . . 1 2 1 1 2 1 . 13 . . 1 2 Garrison Access 2 | . . . . . . . . . . . 1 . 1 . . . . Garrison Relay 11 | . . . . . . . . 6 . 5 . . . . . . . Phase Generator 2 | . . . . . . . . 1 . 1 . . . . . . . Machines Repaired 4 | . 1 . 1 . . . 2 . . . . . . . . . . Machines Sabotaged . | . . . . . . . . . . . . . . . . . . Overloaded Fab Kills . | . . . . . . . . . . . . . . . . . . Hacking | -11 -10 -10 -9 -9 -9 -8 -8 -8 -8 -8 -7 -7 -7 -7 -7 -7 -7 --------- Run | Jun Mat Min Mat Min Exi Min Mat Gar Mat Gar Fac Was Fac Low Low Zio Dee Machines Accessed 70 | . 11 . 13 . . 1 12 3 9 3 6 . 11 . 1 . . Terminals 47 | . 8 . 9 . . 1 7 3 5 3 3 . 7 . 1 . . Fabricators 1 | . . . . . . . . . . . . . 1 . . . . Repair Stations 2 | . 1 . 1 . . . . . . . . . . . . . . Recycling Units 11 | . 2 . 1 . . . 2 . 2 . 2 . 2 . . . . Scanalyzers 7 | . . . 2 . . . 2 . 1 . 1 . 1 . . . . Garrison Access 2 | . . . . . . . 1 . 1 . . . . . . . . Total Hacks 296 | . 57 . 53 . . 6 61 9 32 7 29 . 37 . 5 . . Successful 204 | . 34 . 43 . . 4 50 4 22 4 19 . 19 . 5 . . Failed 88 | . 22 . 10 . . 2 9 5 10 3 9 . 18 . . . . Catastrophic 13 | . 1 . . . . . . 1 5 2 2 . 2 . . . . Database Lockouts 4 | . 1 . . . . . 2 . . . 1 . . . . . . Manual 131 | . 33 . 30 . 1 2 17 2 16 1 15 . 10 . . 4 . Terminals 244 | . 46 . 40 . . 6 54 9 24 7 24 . 29 . 5 . . Fabricators 1 | . . . . . . . . . . . . . 1 . . . . Repair Stations 16 | . 8 . 8 . . . . . . . . . . . . . . Recycling Units 25 | . 3 . 3 . . . 4 . 6 . 4 . 5 . . . . Scanalyzers 8 | . . . 2 . . . 2 . 1 . 1 . 2 . . . . Garrison Access 2 | . . . . . . . 1 . 1 . . . . . . . . Terminal Hacks 129 | . 18 . 24 . . 3 37 3 12 3 13 . 11 . 5 . . Record 24 | . . . 3 . . . 5 . 3 . 4 . 4 . 5 . . Part Schematic 1 | . . . . . . . . . . . 1 . . . . . . Robot Analysis 19 | . 5 . 6 . . . 1 . 4 . 1 . 2 . . . . Prototype ID Bank 11 | . 5 . 2 . . . 1 . 1 . 1 . 1 . . . . Open Door 1 | . . . . . . . . 1 . . . . . . . . . Branch Access Points 2 | . . . . . . . 1 . . . . . 1 . . . . Emergency Access Points 11 | . 1 . 1 . . . 5 1 1 1 . . 1 . . . . Machine Index 2 | . . . 1 . . . 1 . . . . . . . . . . Terminal Index 1 | . 1 . . . . . . . . . . . . . . . . Fabricator Index 1 | . . . . . . . . . . . . . 1 . . . . Scanalyzer Index 1 | . . . 1 . . . . . . . . . . . . . . Alert Level 2 | . . . . . . . 2 . . . . . . . . . . Unreport Threat 5 | . 1 . . . . . 3 . . . 1 . . . . . . Locate Traps 3 | . 1 . 1 . . . . . . . 1 . . . . . . Disarm Traps 2 | . . . . . . . 2 . . . . . . . . . . Reprogram Traps 2 | . 2 . . . . . . . . . . . . . . . . Dispatch Records 2 | . . . . . . . 1 . . . 1 . . . . . . Maintenance Status 1 | . . . . . . . 1 . . . . . . . . . . Transport Status 4 | . . . 1 . . . 2 . . . 1 . . . . . . Investigation Status 2 | . . . . . . 1 1 . . . . . . . . . . Recall Investigation 2 | . . . . . . 1 1 . . . . . . . . . . Hauler Manifests 13 | . . . 3 . . . 5 . 3 . 2 . . . . . . Registered Components 2 | . . . 1 . . . 1 . . . . . . . . . . Registered Prototypes 1 | . . . 1 . . . . . . . . . . . . . . Zone Layout 11 | . 2 . 3 . . 1 4 . . . . . 1 . . . . Garrison Registry 1 | . . . . . . . . . . 1 . . . . . . . Security Stations 2 | . . . . . . . . 1 . 1 . . . . . . . Fabricator Hacks . | . . . . . . . . . . . . . . . . . . Repair Station Hacks 12 | . 6 . 6 . . . . . . . . . . . . . . Scan Component 5 | . 5 . . . . . . . . . . . . . . . . Repair 1 | . 1 . . . . . . . . . . . . . . . . Refit 6 | . . . 6 . . . . . . . . . . . . . . Recycling Unit Hacks 10 | . 1 . 2 . . . 2 . 2 . 1 . 2 . . . . Report Inventory 9 | . 1 . 1 . . . 2 . 2 . 1 . 2 . . . . Retrieve Matter 1 | . . . 1 . . . . . . . . . . . . . . Scanalyzer . | . . . . . . . . . . . . . . . . . . Garrison Access Hacks 2 | . . . . . . . 1 . 1 . . . . . . . . Unlock Access 2 | . . . . . . . 1 . 1 . . . . . . . . Unauthorized Hacks 51 | . 9 . 11 . . 1 10 1 7 1 5 . 6 . . . . Terminals 30 | . 7 . 8 . . 1 6 1 2 1 2 . 2 . . . . Botnet 17 | . 4 . 4 . . . 3 . 2 . 2 . 2 . . . . Sabotage 11 | . 3 . 4 . . 1 3 . . . . . . . . . . Override 2 | . . . . . . . . 1 . 1 . . . . . . . Fabricators 1 | . . . . . . . . . . . . . 1 . . . . Fabnet 1 | . . . . . . . . . . . . . 1 . . . . Repair Stations . | . . . . . . . . . . . . . . . . . . Recycling Units 13 | . 2 . 1 . . . 2 . 4 . 2 . 2 . . . . Monitor 1 | . . . . . . . . . 1 . . . . . . . . Reject 1 | . . . . . . . . . 1 . . . . . . . . Mask 1 | . . . . . . . . . 1 . . . . . . . . Tunnel 10 | . 2 . 1 . . . 2 . 1 . 2 . 2 . . . . Scanalyzers 7 | . . . 2 . . . 2 . 1 . 1 . 1 . . . . Extract 7 | . . . 2 . . . 2 . 1 . 1 . 1 . . . . Garrison Access . | . . . . . . . . . . . . . . . . . . Data Cores Recovered 4 | . . . 1 . . . 1 . 2 . . . . . . . . Used 2 | . . . . . . . . . 2 . . . . . . . . Hacking Detections 48 | . 9 . 6 . . . 7 2 7 2 4 . 10 . 1 . . Full Trace Events 15 | . 5 . 3 . . . 1 . 1 1 . . 4 . . . . Feedback Events . | . . . . . . . . . . . . . . . . . . Feedback Blocked . | . . . . . . . . . . . . . . . . . . Robot Schematics Acquired 4 | . . . . . . . . . . . . . . . . 4 . Robots Built . | . . . . . . . . . . . . . . . . . . Authchips . | . . . . . . . . . . . . . . . . . . Time . | . . . . . . . . . . . . . . . . . . Total Robot Build Rating . | . . . . . . . . . . . . . . . . . . Part Schematics Acquired 33 | . . . 4 . . . 3 . 5 . 4 . 2 . . 15 . Parts Built . | . . . . . . . . . . . . . . . . . . Authchips . | . . . . . . . . . . . . . . . . . . Time . | . . . . . . . . . . . . . . . . . . Total Part Build Rating . | . . . . . . . . . . . . . . . . . . Parts Repaired 1 | . 1 . . . . . . . . . . . . . . . . Time 13 | . 13 . . . . . . . . . . . . . . . . Parts Recycled . | . . . . . . . . . . . . . . . . . . Recycled Matter . | . . . . . . . . . . . . . . . . . . Retrieved Matter 223 | . . . 223 . . . . . . . . . . . . . . Retrieved Components . | . . . . . . . . . . . . . . . . . . Parts Scanalyzed . | . . . . . . . . . . . . . . . . . . Part Schematics Acquired . | . . . . . . . . . . . . . . . . . . Parts Damaged . | . . . . . . . . . . . . . . . . . . Bothacking | -11 -10 -10 -9 -9 -9 -8 -8 -8 -8 -8 -7 -7 -7 -7 -7 -7 -7 ------------ Run | Jun Mat Min Mat Min Exi Min Mat Gar Mat Gar Fac Was Fac Low Low Zio Dee Used RIF Installer . | . . . . . . . . . . . . . . . . . . Robots Hacked . | . . . . . . . . . . . . . . . . . . Non-combat . | . . . . . . . . . . . . . . . . . . Combat . | . . . . . . . . . . . . . . . . . . Robot Hacks Applied . | . . . . . . . . . . . . . . . . . . Relay Couplers Released 16 | . . . . . . . . 7 . 8 . . 1 . . . . Machine Destruction 16 | . . . . . . . . 7 . 8 . . 1 . . . . Fabnet Peak Effective % . | . . . . . . . . . . . . . . . . . . Robots Rewired 16 | . . . . . . . . 14 . 2 . . . . . . . Allies Hacked . | . . . . . . . . . . . . . . . . . . Hacks Repelled . | . . . . . . . . . . . . . . . . . . Allies | -11 -10 -10 -9 -9 -9 -8 -8 -8 -8 -8 -7 -7 -7 -7 -7 -7 -7 -------- Run | Jun Mat Min Mat Min Exi Min Mat Gar Mat Gar Fac Was Fac Low Low Zio Dee Total Allies 40 | . . . . . . . . 15 . 2 . 20 . . . 3 . Largest Group 20 | . . . . . . . . 9 . 2 . 20 19 . . 3 . Highest-Rated Group 500 | . . . . . . . . 191 . 51 . 500 475 . . 89 . Highest-Rated Ally 39 | . . . . . . . . 39 . 31 . 35 35 . . 33 . Total Orders 2 | . . . . . . . . 2 . . . . . . . . . STAY 1 | . . . . . . . . 1 . . . . . . . . . FOLLOW 1 | . . . . . . . . 1 . . . . . . . . . Ally Attacks 282 | . . . . . . . . 86 . 18 . 7 171 . . . . Total Damage 4892 | . . . . . . . . 1502 . 207 . 130 3053 . . . . Kills 46 | . . . . . . . . 18 . 2 . 1 25 . . . . Allies Corrupted 1 | . . . . . . . . 1 . . . . . . . . . Allies Melted 1 | . . . . . . . . . . . . . 1 . . . . Intel | -11 -10 -10 -9 -9 -9 -8 -8 -8 -8 -8 -7 -7 -7 -7 -7 -7 -7 ------- Run | Jun Mat Min Mat Min Exi Min Mat Gar Mat Gar Fac Was Fac Low Low Zio Dee Robot Analysis Total 19 | . 5 . 6 . . . 1 . 4 . 1 . 2 . . . . Derelict Logs Recovered 7 | . . 1 . 1 . . . . . . . . . 3 2 . . Drone Launches . | . . . . . . . . . . . . . . . . . . Drone Recoveries . | . . . . . . . . . . . . . . . . . . Exploration | -11 -10 -10 -9 -9 -9 -8 -8 -8 -8 -8 -7 -7 -7 -7 -7 -7 -7 ------------- Run | Jun Mat Min Mat Min Exi Min Mat Gar Mat Gar Fac Was Fac Low Low Zio Dee Turns Passed 9079 | 34 1247 409 918 80 47 286 920 931 432 515 551 165 638 476 242 1042 146 Spaces Moved 13912 | 27 1248 476 1242 84 208 615 1366 1085 471 628 791 339 1513 1197 797 1635 190 Core 240 | . 88 . . . . . 1 61 . . . . . . . 90 . Treads . | . . . . . . . . . . . . . . . . . . Legs 81 | 27 54 . . . . . . . . . . . . . . . . Wheels . | . . . . . . . . . . . . . . . . . . Hover . | . . . . . . . . . . . . . . . . . . Flight 13591 | . 1106 476 1242 84 208 615 1365 1024 471 628 791 339 1513 1197 797 1545 190 Fastest Speed 6 | 120 26 24 24 21 21 21 21 15 20 20 17 17 6 18 18 6 6 Average Speed 24 | 120 39 24 24 22 21 21 25 28 20 20 18 17 17 18 18 29 67 Slowest Speed 200 | 120 120 26 102 24 21 21 200 150 20 20 20 17 20 18 18 150 87 Overloaded Moves 425 | . . . . . . . . 2 . . . . 35 . . 343 45 Propulsion Burnouts . | . . . . . . . . . . . . . . . . . . Robots Hopped 24 | . 4 . . . . 7 1 . . . . 4 4 . . 4 . Cave-ins Triggered . | . . . . . . . . . . . . . . . . . . Exploration Rate (%) 69 | 3 98 89 87 23 62 88 85 98 52 91 19 94 48 97 89 91 28 Regions Visited 17 Branch Regions 8 Pre-discovered Areas 17 | . 2 . 1 1 . . 2 . 1 . 2 . 2 3 2 1 . Known Exits Taken 4 | . 1 . . . . . 1 . 1 . . . 1 . . . . Unknown Exits Taken 9 | 1 . 1 1 1 1 1 . . . . . . . 1 1 1 . Scrap Searched 15 | . . 2 . 1 . 1 . . . . . . . 5 2 4 . Spaces Dug 197 | . 7 7 29 . . 1 23 42 20 19 21 . 27 . 1 . . Terrain Destroyed 1648 | . 284 20 871 . . 1 81 122 20 168 21 . 59 . 1 . . Melee 174 | . 7 7 6 . . 1 23 42 20 19 21 . 27 . 1 . . Projectile . | . . . . . . . . . . . . . . . . . . AOE 1474 | . 277 13 865 . . . 58 80 . 149 . . 32 . . . . Terrain Rammed . | . . . . . . . . . . . . . . . . . . Walls Destroyed . | . . . . . . . . . . . . . . . . . . Machines Disabled . | . . . . . . . . . . . . . . . . . . Actions | -11 -10 -10 -9 -9 -9 -8 -8 -8 -8 -8 -7 -7 -7 -7 -7 -7 -7 --------- Run | Jun Mat Min Mat Min Exi Min Mat Gar Mat Gar Fac Was Fac Low Low Zio Dee Total 17834 | 28 1736 686 1600 138 211 730 1762 1531 686 913 1100 440 1759 1428 872 2011 203 Wait 1849 | 2 238 136 126 48 . 82 154 100 86 142 164 75 58 165 38 224 11 Move 13852 | 26 1239 475 1241 83 207 600 1363 1084 471 627 791 330 1506 1196 796 1627 190 Hop 20 | . 4 . . . . 7 1 . . . . 4 1 . . 3 . Pick Up 67 | . 5 2 4 . 1 1 3 9 6 6 7 4 3 6 2 8 . Fast Attach 78 | . 15 . 7 1 . 2 10 5 5 1 4 1 15 2 1 9 . Attach 22 | . 4 1 3 . 1 . 3 1 . 2 2 . . 1 1 3 . Detach 11 | . . . 1 . . . 3 2 1 . . . . . . 4 . Swap 62 | . 5 1 5 . . 2 13 3 3 4 5 5 4 . . 12 . Drop 136 | . 13 . 8 . 2 2 19 13 11 7 8 8 20 6 2 17 . Fire 397 | . 170 2 120 5 . . 10 5 . 8 . 2 20 . . 53 2 Melee 827 | . 20 45 41 . . 33 148 144 80 68 79 . 103 27 22 17 . Ram . | . . . . . . . . . . . . . . . . . . Kick . | . . . . . . . . . . . . . . . . . . Crush . | . . . . . . . . . . . . . . . . . . Escape Stasis 83 | . . . . . . . . 61 . . . . 22 . . . . Rewire 77 | . . . . . . . . 53 . 24 . . . . . . . Trap . | . . . . . . . . . . . . . . . . . . Miscellaneous 353 | . 23 24 44 1 . 1 35 51 23 24 40 11 7 25 10 34 . Route ------- -11/Junkyard -10/Materials (discovered 4 exits: *Mat x3 / *Min) -10/Mines (discovered 2 exits: *Mat x2) -9/Materials (discovered 5 exits: *Mat x3 / [*Min x2]) -9/Mines (discovered 2 exits: *Mat / *Exi) -9/Exiles -8/Mines (discovered 2 exits: *Mat x2) -8/Materials (discovered 6 exits: *Fac x3 / *Sto x2 / Gar) -8/Garrison (discovered 3 exits: *Mat x3) -8/Materials (discovered 3 exits: Fac / *Sto / Gar) -8/Garrison (discovered 3 exits: *Fac x3) -7/Factory -7/Waste -7/Factory (discovered 4 exits: [*Fac x2] / *Low x2) -7/Lower Caves (discovered 2 exits: *Low / *Zio) -7/Lower Caves -7/Zion (discovered 2 exits: [*Dee] / [*Pro]) -7/Deep Caves History --------- Turn | Location | Event 1 | -11/Junkyard | Discovered new exit (range 3) 35 | -11/Junkyard | Upgraded with Propulsion slot (x1) 35 | -11/Junkyard | Upgraded with Weapon slot (x1) 35 | -11/Junkyard | Entered Materials 50 | -10/Materials | Discovered new exit (range 16) 222 | -10/Materials | Identified exit to Mines 420 | -10/Materials | Discovered new exit (range 12) 434 | -10/Materials | Reached level 2 439 | -10/Materials | Upgraded with Weapon slot (x1) 562 | -10/Materials | Discovered new exit (range 15) 609 | -10/Materials | Repaired Flight Unit 658 | -10/Materials | Reached level 3 661 | -10/Materials | Upgraded with Weapon slot (x1) 765 | -10/Materials | Core integrity fell below 50% 777 | -10/Materials | Discovered new exit (range 6) 877 | -10/Materials | Reached level 4 1037 | -10/Materials | Reached level 5 1047 | -10/Materials | Upgraded with Propulsion slot (x2) 1047 | -10/Materials | Upgraded with Utility slot (x1) 1067 | -10/Materials | Build established: Hacker-Mutant 1218 | -10/Materials | Central database locked down 1282 | -10/Materials | Entered Mines 1289 | -10/Mines | Core integrity fell below 20% 1333 | -10/Mines | Reached level 6 1335 | -10/Mines | Upgraded with Propulsion slot (x1) 1347 | -10/Mines | Discovered new exit (range 11) 1364 | -10/Mines | Discovered new exit (range 17) 1453 | -10/Mines | Build established: Hacker-Sprinter 1525 | -10/Mines | Found a damaged Exp. Sensor Array with a note attached 1526 | -10/Mines | Found Prototype Device 1527 | -10/Mines | Identified Exp. Sensor Array 1691 | -10/Mines | Entered Materials 1692 | -9/Materials | Core integrity fell below 50% 1693 | -9/Materials | Reached level 7 1705 | -9/Materials | Upgraded with Utility slot (x1) 1808 | -9/Materials | Reached level 8 1811 | -9/Materials | Upgraded with Power slot (x1) 1812 | -9/Materials | Build established: Hacker-Scout 1827 | -9/Materials | Discovered new exit (range 14) 1869 | -9/Materials | Met 8R-AWN 1969 | -9/Materials | Discovered new exit (range 17) 1991 | -9/Materials | Reached level 9 2011 | -9/Materials | Discovered new exit (range 17) 2086 | -9/Materials | Upgraded with Utility slot (x1) 2117 | -9/Materials | Destroyed 7 combat bots 2251 | -9/Materials | Reached level 10 2256 | -9/Materials | High security lockdown imminent 2290 | -9/Materials | Discovered new exit (range 3) 2336 | -9/Materials | High security lockdown engaged 2372 | -9/Materials | Destroyed 10 combat bots 2385 | -9/Materials | Upgraded with Propulsion slot (x1) 2425 | -9/Materials | Reached level 11 2453 | -9/Materials | Upgraded with Utility slot (x1) 2466 | -9/Materials | Destroyed 17 combat bots 2475 | -9/Materials | Sterilization system engaged 2475 | -9/Materials | Non-combat units ordered to evacuate 2540 | -9/Materials | Destroyed 18 combat bots 2562 | -9/Materials | Discovered new exit (range 17) 2575 | -9/Materials | Combat units ordered to evacuate 2609 | -9/Materials | Entered Mines 2610 | -9/Mines | Learned location of Storage (-8) 2610 | -9/Mines | Followed 8R-AWN into the Mines 2619 | -9/Mines | Learned Materials terminal intel 2622 | -9/Mines | Discovered new exit (range 15) 2658 | -9/Mines | Joined a pair of Derelicts in attacking an 0b10 outpost 2688 | -9/Mines | Discovered new exit (range 5) 2689 | -9/Mines | Entered Exiles 2695 | -9/Exiles | Welcomed by 8R-AWN 2699 | -9/Exiles | Met EX-HEX 2705 | -9/Exiles | Met EX-BIN 2707 | -9/Exiles | Aligned with FarCom system 2707 | -9/Exiles | Given EX-Vault access code 2713 | -9/Exiles | Opened EX-Vault 2714 | -9/Exiles | Found Prototype Slashing Weapon 2717 | -9/Exiles | Identified Longsword +1 2721 | -9/Exiles | Warned to stay clear of 0b10 Research branches 2726 | -9/Exiles | Met EX-DEC 2734 | -9/Exiles | Discovered new exit (range 14) 2736 | -9/Exiles | Left Exiles lab with Longsword +1 2736 | -9/Exiles | Entered Mines 2738 | -8/Mines | Reached level 12 2739 | -8/Mines | Discovered new exit (range 9) 2881 | -8/Mines | Discovered new exit (range 4) 3022 | -8/Mines | Entered Materials 3023 | -8/Materials | Identified exit to Storage 3024 | -8/Materials | Loaded intel: 12 terminal locations 3024 | -8/Materials | Reached level 13 3037 | -8/Materials | Upgraded with Utility slot (x1) 3095 | -8/Materials | Central database locked down 3112 | -8/Materials | Discovered new exit (range 17) 3245 | -8/Materials | Discovered new exit (range 14) 3251 | -8/Materials | Central database locked down 3265 | -8/Materials | Core integrity fell below 50% 3343 | -8/Materials | Destroyed 7 combat bots 3419 | -8/Materials | Identified exit to Garrison 3444 | -8/Materials | Reached level 14 3454 | -8/Materials | Upgraded with Utility slot (x1) 3599 | -8/Materials | Discovered new exit (range 5) 3942 | -8/Materials | Entered Garrison 4111 | -8/Garrison | Garrison Relay disabled 4114 | -8/Garrison | Triggered checkpoint 4198 | -8/Garrison | Triggered checkpoint 4209 | -8/Garrison | Reached level 15 4239 | -8/Garrison | Garrison Relay disabled 4260 | -8/Garrison | Triggered checkpoint 4282 | -8/Garrison | Garrison Relay disabled 4287 | -8/Garrison | Identified exit to Materials 4290 | -8/Garrison | Triggered checkpoint 4344 | -8/Garrison | Rescued a captive Derelict 4400 | -8/Garrison | Triggered checkpoint 4486 | -8/Garrison | Triggered checkpoint 4501 | -8/Garrison | Garrison Relay disabled 4579 | -8/Garrison | Triggered checkpoint 4584 | -8/Garrison | Garrison Relay disabled 4621 | -8/Garrison | Garrison Relay disabled 4642 | -8/Garrison | Triggered checkpoint 4672 | -8/Garrison | Spotted B-75 Beast 4672 | -8/Garrison | Spotted B-75 Beast 4685 | -8/Garrison | Allies destroyed B-75 Beast 4690 | -8/Garrison | Destroyed B-75 Beast 4775 | -8/Garrison | Learned Materials security intel 4852 | -8/Garrison | Phase Generator disabled 4873 | -8/Garrison | Entered Materials 4956 | -8/Materials | Discovered new exit (range 11) 5079 | -8/Materials | Discovered exit to Storage (range 7) 5143 | -8/Materials | Build established: Scavenger-Scout 5163 | -8/Materials | Reached level 16 5207 | -8/Materials | Destroyed 7 combat bots 5273 | -8/Materials | First assault squad dispatched 5305 | -8/Materials | Identified exit to Garrison 5305 | -8/Materials | Entered Garrison 5397 | -8/Garrison | Discovered new exit (range 65) 5397 | -8/Garrison | Discovered new exit (range 86) 5397 | -8/Garrison | Discovered new exit (range 40) 5397 | -8/Garrison | Identified exit to Factory 5400 | -8/Garrison | Triggered checkpoint 5437 | -8/Garrison | Garrison Relay disabled 5475 | -8/Garrison | Phase Generator disabled 5507 | -8/Garrison | Garrison Relay disabled 5514 | -8/Garrison | Learned Factory security intel 5623 | -8/Garrison | Triggered checkpoint 5694 | -8/Garrison | Triggered checkpoint 5694 | -8/Garrison | Garrison Relay disabled 5758 | -8/Garrison | Garrison Relay disabled 5816 | -8/Garrison | Garrison Relay disabled 5820 | -8/Garrison | Entered Factory 5822 | -7/Factory | Central database locked down 6104 | -7/Factory | Reached level 17 6126 | -7/Factory | Discovered new exit (range 7) 6181 | -7/Factory | Upgraded with Propulsion slot (x1) 6220 | -7/Factory | First assault squad dispatched 6364 | -7/Factory | Destroyed 8 combat bots 6371 | -7/Factory | Sucked down chute 6371 | -7/Factory | Entered Waste 6372 | -7/Waste | Joined by Warlord forces that had cleared the area 6436 | -7/Waste | Found Damper Plating 6470 | -7/Waste | A Compactor rumbled back to life 6470 | -7/Waste | Allies destroyed C-40 Crusher 6482 | -7/Waste | Discovered new exit (range 13) 6536 | -7/Waste | Entered Factory 6536 | -7/Factory | Accompanied by 19 allies 6671 | -7/Factory | Discovered new exit (range 6) 6699 | -7/Factory | Reached level 18 6726 | -7/Factory | Garrison activated, responded to threat 6768 | -7/Factory | Identified exit to Lower Caves 6787 | -7/Factory | High security lockdown imminent 6790 | -7/Factory | Build established: Scavenger-Sprinter 6867 | -7/Factory | High security lockdown engaged 6972 | -7/Factory | Core integrity fell below 50% 7069 | -7/Factory | Discovered new exit (range 12) 7173 | -7/Factory | Discovered new exit (range 11) 7174 | -7/Factory | Entered Lower Caves 7175 | -7/Lower Caves | A Derelict revealed a hidden shortcut to a safe place 7185 | -7/Lower Caves | Met a Warlord Commander 7186 | -7/Lower Caves | Learned location of Warlord (-5) 7194 | -7/Lower Caves | Found Encrypted Comm Array 7196 | -7/Lower Caves | Learned location of 2 exits from Factory 7201 | -7/Lower Caves | Encountered a Warlord checkpoint 7236 | -7/Lower Caves | Build established: Hacker-Sprinter 7355 | -7/Lower Caves | Found Imp. Powered Armor 7439 | -7/Lower Caves | Attracted the attention of an 0b10 checkpoint 7513 | -7/Lower Caves | Discovered new exit (range 6) 7650 | -7/Lower Caves | Entered another Lower Caves area 7652 | -7/Lower Caves | Reached level 19 7658 | -7/Lower Caves | Upgraded with Utility slot (x1) 7733 | -7/Lower Caves | Destroyed 8 combat bots 7739 | -7/Lower Caves | Encountered a Warlord checkpoint 7741 | -7/Lower Caves | Learned location of Zion (-7) 7764 | -7/Lower Caves | Discovered new exit (range 6) 7803 | -7/Lower Caves | Learned 4 Factory zone layouts 7814 | -7/Lower Caves | Spotted B-75 Beast 7827 | -7/Lower Caves | Attracted the attention of an 0b10 base 7856 | -7/Lower Caves | Learned location of 1 exit from Research 7856 | -7/Lower Caves | Learned Research terminal intel 7892 | -7/Lower Caves | Entered Zion 7902 | -7/Zion | Discovered new exit (range 9) 7921 | -7/Zion | Found Prototype Energy Gun 7921 | -7/Zion | Identified Storm Laser 7981 | -7/Zion | Given A8's code to call for help 8006 | -7/Zion | Gained Derelict followers 8013 | -7/Zion | Acquired unknown access codes intercepted by a Zionite 8102 | -7/Zion | Rebuked by Imprinter 8192 | -7/Zion | Opened final containment barrier to the Deep Caves 8261 | -7/Zion | Destroyed Imprinter 8262 | -7/Zion | Extracted access codes from Imprinter's data core 8262 | -7/Zion | Attacked by Zionites 8729 | -7/Zion | AD-0RF came to Zion's defense 8746 | -7/Zion | Build established: Hacker-Gunner 8890 | -7/Zion | Destroyed AD-0RF 8895 | -7/Zion | Core integrity fell below 20% 8896 | -7/Zion | Found Prototype Special Weapon 8897 | -7/Zion | Found Prototype Device 8899 | -7/Zion | Identified Exp. Thermal Shield 8901 | -7/Zion | Identified AD-0RF's Magmablaster 8917 | -7/Zion | Found Corrupted Prototype Processor 8917 | -7/Zion | Identified Exp. Targeting Computer 8934 | -7/Zion | Discovered new exit (range 3) 8934 | -7/Zion | Saw the warning signs outside the Deep Caves entrance 8934 | -7/Zion | Entered Deep Caves 9080 | -7/Deep Caves | Z-Facility disabled 9080 | -7/Deep Caves | Destroyed self via exploding Z-Power Last Messages --------------- 08941_ as-15426 destroyed. 08941_ as-57876 destroyed. 08945_ Acquired 6 matter. 08966_ System corrupted: Matter fused (-6). 08990_ Acquired 6 matter. 09032_ 4N R31# ,MZKFM>0JN%Y>Y,ICWDF,M|KFT2: 09052_ /:,ILOP6LPRYZRKWRD8RWI1>VK 09068_ X1-MXZ(o) is busy at the terminal. 09075_ DP-5ZJ(o) is busy at the terminal. 09080_ Z-Power explodes. 09080_ X1-MXZ(o) is busy at the terminal. 09080_ Destroyed Hover Unit. 09080_ Destroyed Lgt. Ion Engine. 09080_ X1-MXZ(o) destroyed. 09080_ Z-Facility disabled. 09080_ Destroyed Lgt. Ion Engine. 09080_ Destroyed Hover Unit. 09080_ DP-5ZJ(o) destroyed. 09080_ Cld. VTOL Module destroyed. 09080_ Destroyed Cld. VTOL Module. Map ----- +----------------------------------------------------+ | ????????????????????# ????### ##???????# | | ?????????????????? ##### #???????# | | ???????????????? ????????# | | ??????????????? ????????# | | ??????????????? #????????## | | ?????????????? #?????????## | | ?????????????? ##?????????# | | ????????????? ########### | | ????????????? # | | ????????????? # | | ???????????? # | | ??????????? ##### # | | ??????????? ###???### ## | | ??????????? ##???????## ##? | | ??????????" #?????????####?? | | ?????????? ##?????????????? | | ????????? #?????????????? | | ????????? #?????####????# | | ????????? #????## ##??# | | ???????? ##????# ##?## | | ????????" ##????# ???# | | ????????? #????# ???? | | ??????? #????# #??## | | ???????? ##???## #??# | | ???????? ##????# #### | | ???????? @ ##????# | | ???????? ##???# ###### | | ???????? #???## ##???? | | ????????? #????## ##??? | | ????????? ##?????# #??? | | ????????? #??????## #??? | | ?????????? #???????# #??? | | ?????????? #?????## ##??? | | ??????????? #?????# ##??? | | ??????????? #????# ###? | | ??????????? #????# ## | | ???????????? ????## # | | ???????????? #????## # | | ????????????? #????## # | | ???????????????##### #????# ## | | ???????????????????### #### #???# ##? | | ?????????????????????#####????# ##???## ##?? | | ???????????????????????????????# ##??????#####??? | | ????????????????????????????????#????????????????? | | ?????????????????????????????????????????????????? | | | | | | | | | | | +----------------------------------------------------+ Best States ------------- Heat Dissipation 76 Energy Generation 42 Energy Capacity 480 Matter Stores 300 Matter Capacity 300 Sight Range 22 Robot Scan Range 28 Terrain Scan Range 16 Terrain Scan Density 410 Jamming Range 12 Power Amplification 30 Additional Mass Support 9 Armor Coverage 400 Resistance: KI 5 Resistance: TH 30 Resistance: EM 25 Propulsion Shielding 66 Utility Shielding 66 Weapon Shielding 66 Evasion (%) 77 Targeting Accuracy 12 Melee Accuracy 5 Target Analysis 5 Core Analysis 6 Armor Integrity Analysis 30 Particle Charging 20 Offensive Hacking 25 Defensive Hacking 30 Item Schematics ----------------- Com. Wheel | -9/Materials | Extracted Hpw. Tractor Beam | -9/Materials | Extracted Arm. Wheel | -9/Materials | Extracted ECM Suite | -9/Materials | Extracted Reaction Control System | -8/Materials | Extracted Propulsion Shielding | -8/Materials | Extracted Hvy. Assault Rifle | -8/Materials | Extracted Recoil Stabilizer | -8/Materials | Extracted Sml. Matter Pod | -8/Materials | Extracted Sensor Array | -8/Materials | Extracted Flail | -8/Materials | Extracted Missile Launcher | -8/Materials | Extracted Imp. Launcher Guidance Computer | -7/Factory | Hacked VSS Leg | -7/Factory | Extracted Core Analyzer | -7/Factory | Extracted Corruption Screen | -7/Factory | Extracted Coolant Injector | -7/Factory | Extracted Assault Cannon | -7/Factory | Extracted Armor Integrity Analyzer | -7/Zion | Archive Arm. Leg | -7/Zion | Archive Force Booster | -7/Zion | Archive 0b10 Decoder Chip [Generic] | -7/Zion | Archive Component Analysis Suite | -7/Zion | Archive Force Field | -7/Zion | Archive Gauss Rifle | -7/Zion | Archive Adv. Field Recycling Unit | -7/Zion | Archive Imp. Component Analysis Suite | -7/Zion | Archive Imp. EM Pulse Cannon | -7/Zion | Archive Mak. Transmission Jammer | -7/Zion | Archive Lightning Gun | -7/Zion | Archive Bore Cannon | -7/Zion | Archive Hpw. Shock Rifle | -7/Zion | Archive Plasma Cannon | -7/Zion | Archive Robot Schematics ------------------ S-27 Virus | -7/Zion | Archive B-48 Gladiator | -7/Zion | Archive Y-54 Guardian | -7/Zion | Archive H-88 Terminator | -7/Zion | Archive Fabricated ------------ Nothing Alien Tech Used ----------------- None Achievements -------------- None Challenges ------------ None RPGLIKE | -11 -10 -10 -9 -9 -9 -8 -8 -8 -8 -8 -7 -7 -7 -7 -7 -7 -7 --------- Run | Jun Mat Min Mat Min Exi Min Mat Gar Mat Gar Fac Was Fac Low Low Zio Dee Levels Raised 18 | . 4 1 5 . . 1 2 1 1 . 1 . 1 . 1 . . XP Earned 30358 | 3000 6820 1283 7880 118 80 1141 3251 1498 622 587 1453 48 1899 265 224 73 116 XP Spent 30000 | 1000 7925 1520 7545 . . 170 4200 1350 . . 2000 1150 650 . 2300 190 . Upgrades 54 | 2 19 3 14 . . 1 4 2 . . 1 2 4 . 1 1 . Power Slot 1 | . . . 1 . . . . . . . . . . . . . . Propulsion Slot 6 | 1 2 1 1 . . . . . . . 1 . . . . . . Utility Slot 7 | . 1 . 3 . . . 2 . . . . . . . 1 . . Weapon Slot 3 | 1 2 . . . . . . . . . . . . . . . . Heat Dissipation 8 | . . 2 2 . . . . . . . . . 3 . . 1 . Mass Support 2 | . 1 . . . . . . 1 . . . . . . . . . Inventory Capacity 4 | . 2 . . . . . . 1 . . . 1 . . . . . Sight Range 2 | . 1 . 1 . . . . . . . . . . . . . . Sensor Range 4 | . 2 . 2 . . . . . . . . . . . . . . Terrain Scan Density 4 | . 1 . 2 . . 1 . . . . . . . . . . . Ranged Accuracy 3 | . 1 . 2 . . . . . . . . . . . . . . Melee Accuracy 2 | . . . . . . . 2 . . . . . . . . . . Hack Attack % 3 | . 3 . . . . . . . . . . . . . . . . Hack Defense % 2 | . 2 . . . . . . . . . . . . . . . . KI Resistance % 1 | . . . . . . . . . . . . 1 . . . . . KI Damage % 1 | . 1 . . . . . . . . . . . . . . . . TH Damage % 1 | . . . . . . . . . . . . . 1 . . . . Protomatter Created 3172 | . 174 174 574 . . 55 331 442 284 186 324 . . 237 181 210 . Integrity Restored 7068 | . 521 522 895 24 . 24 767 953 420 413 748 218 150 504 193 716 . Core 5388 | . 506 522 861 24 . 24 767 458 206 251 590 . 150 382 131 516 . Parts 1680 | . 15 . 34 . . . . 495 214 162 158 218 . 122 62 200 . Protomatter Decayed 1859 | . . . 306 48 . 47 115 381 93 56 76 270 329 . 51 87 . Game ------ Seed AblativeImpactGenerator Manual? 1 Play Time 03:18:40 Cumulative 479.4 hours Start 2023.03.15 @ 10:30:27 End 2023.03.15 @ 15:37:50 Sessions 1 Manual Loads 0 Difficulty Rogue Special Mode Winter2019/RPGLIKE Game No. 518 Rogue 518 Adventurer 0 Explorer 0 Win Type - Total 1 Types 1/0/0/0/0/0/0/0/0 Lore% 61 Gallery% 81 Achievement% 65 Wizard Run 0 Options --------- ASCII 0 Keyboard 0 Movement Mouse Keybinds 0 Fullscreen 2 Font 24/Smallcaps Map View 76x50 Tactical HUD 1 Map Filters NONE Filters NONE Steam 1 RUN: 51dd136b-a3dc-4ff3-8f05-d47e2ea88014